 Dungeon Crawl Stone Soup version 0.31-a0-1010-g5322dac6a2 (webtiles) character file.

Game seed: 7880179719599608500

452 kae the Changeling (level 6, -3/47 HPs)
             Began as a Demigod Shapeshifter on Nov 16, 2023.
             Slain by a mummy (17 damage)
             ... in an ossuary.
             The game lasted 00:02:51 (3729 turns).

kae the Changeling (Demigod Shapeshifter)           Turns: 3729, Time: 00:02:51

Health: -3/47      AC:  3    Str: 15    XL:     6   Next: 46%
Magic:  8/8        EV: 12    Int: 12    God:
Gold:   195        SH:  0    Dex: 21    Spells: 5/5 levels left

rFire   + .          .
                       - Unarmed
rCold   . . .        (no shield)
rNeg    . . .        a - +1 animal skin
rPois   .            (helmet currently unavailable)
rElec   .            (cloak currently unavailable)
rCorr   .            (gloves currently unavailable)
SInv    .            (boots currently unavailable)
Will    .....        (no amulet)
Stlth   ++           F - ring of protection from fire
HPRegen 0.27/turn    Z - ring of wizardry
MPRegen 0.11/turn

%: wizardry (x1)
@: beast-form
A: beast (slay +3), high MP 1, forlorn, divine attributes
a: Begin Untransformation


You were in an ossuary.
You were a hulking beast.
You visited 1 branch of the dungeon, and saw 4 of its levels.
You also visited: Ossuary.

You collected 195 gold pieces.


Innate Abilities, Weirdness & Mutations

You are a hulking beast.
Your limbs bulge with bestial killing power. (Slay +3)
You have an increased reservoir of magic. (+10% MP)
You shall have no god before yourself.
Your divine heritage dramatically boosts your attributes as you level up.


   Skills:
 + Level 1.5 Fighting
 - Level 1.7 Dodging
 * Level 3.3 Unarmed Combat
 + Level 6.1 Shapeshifting


You had 5 spell levels left.
You didn't know any spells.
Your spell library contained the following spells:

 Spells                   Type           Power      Damage    Failure   Level
 Magic Dart               Conj           0%         1d3       13%         1
 Searing Ray              Conj           0%         2d4       21%         2
 Dazzling Flash           Conj/Hex       0%         N/A       36%         3
 Volatile Blastmotes      Fire/Tloc      0%         2d10      36%         3
 Fulminant Prism          Conj/Hex       0%         3d5       75%         4
 Starburst                Conj/Fire      0%         6d3       100%        6
 Maxwell's Capacitive Co  Air            0%         ∞         100%        8

Inventory:

Missiles
 e - 8 poisoned darts
 f - 18 stones
 g - 5 silver javelins
Armour
 a - a +1 animal skin (worn)
Jewellery
 F - a ring of protection from fire (left hand)
   (You found it on level 2 of the Dungeon)
 Z - a ring of wizardry (right hand)
   (You found it on level 3 of the Dungeon)
Talismans
 c - a beast talisman (active)
 d - a flux talisman
Scrolls
 i - a scroll of identify {unknown}
 l - a scroll of immolation {unknown}
 m - a scroll of amnesia {unknown}
 o - a scroll of torment {unknown}
Potions
 b - a potion of lignification {!q}
 h - a potion of might
 j - a potion of degeneration {unknown}
 k - 2 potions of attraction {unknown}
 n - a potion of enlightenment {unknown}
 p - a potion of curing {unknown}
 q - a potion of invisibility {unknown}

Dungeon Overview and Level Annotations

Branches:
Dungeon (4/15) Zot: 20819 Ossuary (1/1) Zot: 5469
 Temple: D:4-7

Shops:
D:3

= #...# #.. #...#
#.. ##'## #'# #...#
#.. #...# #.. #...#
#.. #...# #.. #'###
##' #..h# #.. #.M.#
### #####.. #...#
#!!!!#...#..
#...'.∩M+!???#.∩.'..
#...#...#!!!!#...#..
########### #######


You could see a mummy.


Message History

The water moccasin zombie barely misses you. 😕 HP[+1]
You hit the water moccasin zombie.
The water moccasin zombie closely misses you.
The hobgoblin zombie hits you.
The water moccasin zombie bites you but does no damage. 😕 HP[-1]
You take 1 damage, and now have 38/47 hp.
You closely miss the water moccasin zombie.
The hobgoblin zombie closely misses you.
The water moccasin zombie bites you.
You closely miss the water moccasin zombie.
The water moccasin zombie closely misses you. 😮 HP[-4]
You take 4 damage, and now have 34/47 hp.
You hit the water moccasin zombie. The hobgoblin zombie hits you.
The water moccasin zombie bites you but does no damage.
You completely miss the water moccasin zombie.
The water moccasin zombie closely misses you.
The hobgoblin zombie closely misses you. 😮 HP[-1]
You take 1 damage, and now have 33/47 hp.
You hit the water moccasin zombie.
The water moccasin zombie barely misses you.
The hobgoblin zombie hits you but does no damage.
You hit the water moccasin zombie.
The water moccasin zombie bites you. 😮 HP[-5]
You take 5 damage, and now have 28/47 hp.
You hit the hobgoblin zombie.
The water moccasin zombie closely misses you.
The hobgoblin zombie barely misses you. 😮 HP[+1]
You closely miss the water moccasin zombie.
The water moccasin zombie barely misses you.
The hobgoblin zombie closely misses you.
The water moccasin zombie closely misses you.
You hit the hobgoblin zombie.
You destroy the hobgoblin zombie!
The water moccasin zombie bites you but does no damage.
You closely miss the water moccasin zombie.
The water moccasin zombie bites you.
* * * LOW HITPOINT WARNING * * *
😨 HP[-6]
You take 6 damage, and now have 23/47 hp.
The water moccasin zombie misses you. 😮 HP[+1] Unknown command.
You hit the water moccasin zombie.
You destroy the water moccasin zombie!
You start resting. 😕 HP[+15]
You regained 15 hp, and now have 39/47 hp.
You start resting. 😎 HP[+8]
Your hp is fully restored (47).
You open the door.
There is an open door here.
You open the door. 2 mummies come into view.
Found a gate leading back out of this place.
There are monsters nearby!
There are monsters nearby!
Unknown command.
Unknown command.
You hit the mummy. The mummy hits you!
You are too injured to fight recklessly! 😮 HP[-16]
You take 16 damage, and now have 31/47 hp.
MASSIVE DAMAGE!! (PAUSE)
You hit the mummy but do no damage. 😮 HP[+1] Unknown command.
You hit the mummy. The mummy closely misses you.
Unknown command.
You closely miss the mummy.
Unknown command.
You barely miss the mummy. The mummy closely misses you.
Unknown command.
You punch the mummy! 😮 HP[+1] Unknown command.
You hit the mummy. The mummy hits you. 😮 HP[-5]
You take 5 damage, and now have 28/47 hp.
Unknown command.
You hit the mummy.
You destroy the mummy!
The mummy closely misses you.
Unknown command.
You punch the mummy!
Unknown command.
You hit the mummy. The mummy hits you!
* * * LOW HITPOINT WARNING * * *
😨 HP[-14]
You take 14 damage, and now have 14/47 hp.
MASSIVE DAMAGE!! (PAUSE)
You hit the mummy.
Unknown command.
You hit the mummy. The mummy hits you!
You die...

Skill      XL: |  1  2  3  4  5  6 |
---------------+-------------------+-----
Shapeshifting  | 3 4 5 6 |  6.1
Fighting       | 1 |  1.5
Unarmed Combat | 3 |  3.3
Dodging        | |  1.7

Action                     |  1- 3 |  4- 6 || total
---------------------------+-------+-------++-------
  Melee: Unarmed           |   133 |   223 ||   356
         Punch             |     6 |    10 ||    16
    Use: Scroll            |     4 |       ||     4
         Potion            |       |     1 ||     1
   Stab: Sleeping          |     3 |       ||     3
 Armour: Animal skin       |    68 |    97 ||   165
  Dodge: Dodged            |    84 |   114 ||   198
   Form: Beast             |       |     1 ||     1

Levels and vault maps discovered:
D:1:      elethiomel_arrival_shortcut, layout_basic
D:2:      layout_basic
D:3:      layout_loops_corners, grunt_temple_overflow_open, serial_shops, shop
D:4:      layout_cave_pools, mainiacjoe_overflow_six_doors_small,
          nemelex_diamond_rough_becter, minmay_temple_entry_statues_fountains,
          nicolae_ossuary_entry_giza, kennysheep_generic_room_12
Ossuary:  ossuary_tomb_2

Notes
Turn   | Place    | Note
-------+----------+-------------------------------------------
     0 | D:1      | kae the Demigod Shapeshifter began the quest for the Orb.
     0 | D:1      | Reached XP level 1. HP: 15/15 MP: 3/3
     0 | D:1      | magus.rc [v1.11.3]
   181 | D:1      | Reached skill level 3 in Shapeshifting
   457 | D:1      | Reached XP level 2. HP: 13/22 MP: 4/4
   518 | D:1      | You pick up a book of Conjurations and begin reading...
   518 | D:1      | You add the spells Magic Dart, Searing Ray and Fulminant
                  | Prism to your library.
   548 | D:1      | You pick up a book of Conjurations and begin reading...
  1242 | D:2      | Reached XP level 3. HP: 27/27 MP: 5/5
  1245 | D:2      | You pick up a book of Spectacle and begin reading...
  1245 | D:2      | You add the spells Volatile Blastmotes, Dazzling Flash,
                  | Starburst and Maxwell's Capacitive Coupling to your
                  | library.
  1572 | D:2      | HP: 6/27 [poisoned by an adder]
  1574 | D:2      | Reached skill level 4 in Shapeshifting
  2121 | D:3      | Reached XP level 4. HP: 15/34 MP: 6/6
  2887 | D:3      | Found Beiweb's Jewellery Emporium.
  3051 | D:4      | Reached skill level 5 in Shapeshifting
  3051 | D:4      | Reached XP level 5. HP: 24/39 MP: 7/7
  3064 | D:4      | Found a sand-covered staircase.
  3076 | D:4      | HP: 3/39 [mummy (8)]
  3192 | Ossuary  | Entered an ossuary
  3390 | Ossuary  | Reached skill level 6 in Shapeshifting
  3390 | Ossuary  | Reached XP level 6. HP: 17/46 MP: 8/8
  3520 | Ossuary  | Reached skill level 1 in Fighting
  3520 | Ossuary  | Reached skill level 3 in Unarmed Combat
  3729 | Ossuary  | Slain by a mummy

Vanquished Creatures
  4 water moccasin zombies (Ossuary)
  A sleepcap (D:4)
  2 orc wizards (D:3)
  2 mummies
  3 adders
  5 adder zombies (Ossuary)
  A worm (D:2)
  A dart slug (D:2)
  8 orcs (D:3)
  4 ball pythons
  6 endoplasms
  2 giant cockroaches
  3 gnoll zombies (Ossuary)
  3 goblins
  4 hobgoblins
  4 jackals (D:2)
  A quokka (D:2)
  6 bats
  2 frilled lizards (D:2)
  4 hobgoblin zombies (Ossuary)
  2 kobolds (D:1)
  5 kobold zombies (Ossuary)
  5 orc zombies (Ossuary)
  2 rats
80 creatures vanquished.

Table legend:
 A = Non-vault XP
 B = Vault XP
 C = Vault XP percentage of total XP
 D = Non-vault monster count
 E = Vault monster count
 F = Vault count percentage of total count
                 A         B        C        D         E       F
            +---------+---------+-------+---------+---------+-------
      Total |     243 |     404 |  62.4 |      52 |      28 |  35.0
            +---------+---------+-------+---------+---------+-------
        D:1 |      26 |       0 |   0.0 |      15 |       0 |   0.0
        D:2 |      57 |       0 |   0.0 |      17 |       0 |   0.0
        D:3 |     106 |       0 |   0.0 |      16 |       0 |   0.0
        D:4 |      54 |      18 |  25.0 |       4 |       1 |  20.0
    Ossuary |       0 |     386 | 100.0 |       0 |      27 | 100.0
            +---------+---------+-------+---------+---------+-------

Skill      XL: |  1  2  3  4  5  6 |
---------------+-------------------+-----
Shapeshifting  | 3 4 5 6 |  6.1
Fighting       | 1 |  1.5
Unarmed Combat | 3 |  3.3
Dodging        | |  1.7

Action                     |  1- 3 |  4- 6 || total
---------------------------+-------+-------++-------
  Melee: Unarmed           |   133 |   223 ||   356
         Punch             |     6 |    10 ||    16
    Use: Scroll            |     4 |       ||     4
         Potion            |       |     1 ||     1
   Stab: Sleeping          |     3 |       ||     3
 Armour: Animal skin       |    68 |    97 ||   165
  Dodge: Dodged            |    84 |   114 ||   198
   Form: Beast             |       |     1 ||     1

Illustrated notes

Table legend:
 A = Kills in this place as a percentage of kills in the entire game.
 B = Kills by you in this place as a percentage of kills by you in the entire game.
 C = Kills by friends in this place as a percentage of kills by friends in the entire game.
 D = Other kills in this place as a percentage of other kills in the entire game.
 E = Experience gained in this place as a percentage of experience gained in the entire game.
 F = Experience gained in this place divided by the number of levels of this place that you have seen.
                   A       B       C       D       E      F
               +-------+-------+-------+-------+-------+----------------------
         Total | 100.0 | 100.0 |   N/A |   N/A | 100.0 | 129.4
       Dungeon |  66.2 |  66.2 |   N/A |   N/A |  40.3 |  65.2
       Ossuary |  33.8 |  33.8 |   N/A |   N/A |  59.7 | 386.0
               +-------+-------+-------+-------+-------+----------------------

Table legend: (Time is in decaauts)
 A = Elapsed time spent in this place.
 B = Non-inter-level travel time spent in this place.
 C = Inter-level travel time spent in this place.
 D = Time resting spent in this place.
 E = Time spent auto-exploring this place.
 F = Levels seen in this place.
 G = Mean time per level.
                   A        B        C        D        E       F      G
               +--------+--------+--------+--------+--------+-----+--------+
         Total |   3709 |   3640 |     69 |    523 |   2501 |   5 |  741.8 |
       Dungeon |   3180 |   3111 |     69 |    294 |   2392 |   4 |  795.0 |
       Ossuary |    529 |    529 |      0 |    229 |    109 |   1 |  529.0 |
               +--------+--------+--------+--------+--------+-----+--------+

Top non-repeatable levels by time:
     D:1: 1042 daAuts
     D:2: 1000 daAuts
     D:3: 972 daAuts
 Ossuary: 529 daAuts
     D:4: 165 daAuts
